 Dungeon Crawl Stone Soup version 0.29.1-1-gd02db6906a (webtiles) character file.

Game seed: 13221973239758702094

928 Ashen the Chiller (level 7, 53/53 HPs)
             Began as a Demonspawn Ice Elementalist on Sept 16, 2022.
             Got out of the dungeon alive.
             The game lasted 00:09:09 (5835 turns).

Ashen the Chiller (Demonspawn Ice Elementalist)     Turns: 5835, Time: 00:09:10

Health: 53/53      AC:  8    Str:  9    XL:     7   Next: 85%
Magic:  13/13      EV: 12    Int: 18    God:
Gold:   153        SH:  4    Dex: 13    Spells: 7/14 levels left

rFire   . . .      SeeInvis .   s - +3 dagger (venom)
rCold   . . .      Faith    .   (no shield)
rNeg    . . .      Spirit   .   l - +0 leather armour {Will+}
rPois   .          Reflect  .   k - +2 hat
rElec   .          Harm     .   (no cloak)
rCorr   .          Rampage  .   r - +0 pair of gloves
Will    +....                   (no boots)
Stlth   ++........              (no amulet)
HPRegen 0.17/turn               (no ring)
MPRegen 0.13/turn               (no ring)

@: no status effects
A: antennae 2, icy blue scales 1, condensation shield, demonic magic 1
a: no special abilities


You escaped.
You visited 1 branch of the dungeon, and saw 4 of its levels.
You also visited: Sewer.

You collected 153 gold pieces.

Inventory:

Hand Weapons
 f - a +0 dagger of electrocution
 s - a +3 dagger of venom (weapon)
Missiles
 m - 6 silver javelins
 p - 4 javelins
Armour
 a - a +0 robe
 k - a +2 hat (worn)
 l - a +0 leather armour of willpower (worn)
 r - a +0 pair of gloves (worn)
Scrolls
 c - 5 scrolls of amnesia
 i - a scroll of fear {unknown}
 j - a scroll of summoning
 n - 2 scrolls of teleportation {unknown}
 o - 2 scrolls of noise
 t - a scroll of vulnerability {unknown}
 u - a scroll of identify
Potions
 b - 2 potions of magic
 d - a potion of cancellation
 e - 2 potions of haste {unknown}
 g - a potion of brilliance
 h - a potion of attraction
 q - a potion of lignification
 v - 2 potions of mutation {unknown}


   Skills:
 + Level 3.8 Fighting
 + Level 4.0 Dodging
 + Level 4.3 Stealth
 + Level 4.0 Spellcasting
 + Level 5.1 Ice Magic


You had 7 spell levels left.
You knew the following spells:

 Your Spells              Type           Power      Damage    Failure   Level
a - Freeze                Ice            88%        1d10      2%          1
b - Frozen Ramparts       Ice            44%        1d7       8%          3
c - Ozocubu's Armour      Ice            22%        N/A       8%          3

Your spell library contained the following spells:

 Spells                   Type           Power      Damage    Failure   Level
 Slow                     Hex            12%        N/A       21%         1
 Poisonous Vapours        Pois/Air       6%         N/A       30%         2
 Sublimation of Blood     Necr           3%         N/A       30%         2
 Wereblood                Tmut           3%         N/A       30%         2
 Confusing Touch          Hex            3%         N/A       52%         3
 Vampiric Draining        Necr           3%         2d6       52%         3
 Hailstorm                Conj/Ice       12%        3d5       56%         4
 Corpse Rot               Necr/Pois/Air  3%         N/A       90%         4
 Summon Hydra             Summ           1%         N/A       100%        7


Dungeon Overview and Level Annotations

Branches:
Dungeon (4/15)              Sewer (visited)
 Temple: D:4-7

Altars:
Ru


Innate Abilities, Weirdness & Mutations

You have a pair of antennae on your head.
You are partially covered in icy blue scales. (AC +2)
A meltable shield of frost defends you. (SH +4)
Spells you cast may paralyse adjacent enemies.


Message History

You hit the gnoll bouda but do no damage.
The gnoll bouda is almost dead.
You kill the gnoll bouda!
Your Dodging skill increases to level 4!
Your attacks no longer feel as feeble.
Things that are here:
a +2 vampiric spear; a +0 spear; a gnoll corpse You hit the bush but do no damage.
Found 7 gold pieces.
Found 4 javelins.
You now have 153 gold pieces (gained 7).
p - 4 javelins You have 153 gold pieces.
(D) Dungeon
Where to? (Enter - D:4 @ (x,y), ? - help)
What level of the Dungeon? (default 1, ? - help)
Things that are here:
a +0 whip; a +0 leather armour
There is a stone staircase leading up, spattered with blood here.
You climb upwards.
There is a stone staircase leading down here.
There is a stone staircase leading up here.
You climb upwards.
There is a stone staircase leading down here.
The orc misses you.
You hit the orc.
The orc is poisoned.
You punch the orc.
You kill the orc!
No target in view!
No target in view!
Things that are here:
a +0 whip; an orc corpse
There is a stone staircase leading up here.
You climb upwards.
There is a stone staircase leading down here.
There is an open door here.
There is an open door here.
There is an open door here.
There is a staircase leading out of the dungeon here.
Are you sure you want to leave the Dungeon?
This will make you lose the game!
You have escaped!

#...##.##.##.......# #..#
##..###.##.##......######..#####
.................#.............#
##..###.##.##.##.#####.##.####.#
##..##...#..#.##.#####.##.# #.#
....................##.##.# #.#
#...######...######.##.##.# #.#
#...#....#...#....#.##.##.# #.#
#...#....#...#..@.#.##.##.# #.#
##'##....##'##....#.##.##.# #.#
#...###'##...###'##.##.##.# #.#
+...'....'...+...#..##.##.# #.##
#...###.###.###.##..##.##.# #..#
...####..#......#..###.##.#####.#
...............##.####.#.....##.#
.###....#......#.........###.##.#
##.##.........##.#######.# #....#


There were no monsters in sight!

Vanquished Creatures
  Grinder (D:4)
  A black bear (D:4)
  A scorpion (D:4)
  7 jellies
  An orc priest (D:2)
  3 iguanas (D:4)
  A gnoll bouda (D:4)
  3 gnolls (D:4)
  8 adders
  2 river rats
  3 worms
  2 dart slugs (D:2)
  9 orcs
  7 ball pythons
  12 endoplasms
  3 giant cockroaches
  4 goblins
  8 hobgoblins
  2 jackals (D:2)
  6 kobolds
  5 quokkas
  4 bats
  9 frilled lizards
  6 rats
108 creatures vanquished.

Vanquished Creatures (others)
  2 plants (D:4)
2 creatures vanquished.

Grand Total: 110 creatures vanquished

Notes
Turn   | Place    | Note
-------+----------+-------------------------------------------
     0 | D:1      | Ashen the Demonspawn Ice Elementalist began the quest for
                  | the Orb.
     0 | D:1      | Reached XP level 1. HP: 13/13 MP: 3/3
   596 | D:1      | Gained mutation: You have a pair of small antennae on your
                  | head. [demonic ancestry]
   596 | D:1      | Reached XP level 2. HP: 20/20 MP: 0/5
   873 | D:1      | Found a faded altar of an unknown god.
  1283 | D:2      | Reached skill level 1 in Fighting
  1336 | D:2      | Gained mutation: Spells you cast may paralyse adjacent
                  | enemies. [demonic ancestry]
  1336 | D:2      | Reached XP level 3. HP: 19/26 MP: 6/6
  1520 | D:2      | Learned a level 3 spell: Frozen Ramparts
  2517 | D:2      | Reached skill level 4 in Ice Magic
  2517 | D:2      | Gained mutation: You have a pair of antennae on your head.
                  | [demonic ancestry]
  2517 | D:2      | Reached XP level 4. HP: 29/32 MP: 5/7
  2720 | D:3      | Found a sacrificial altar of Ru.
  3756 | D:4      | Noticed a scorpion
  3764 | D:3      | Gained mutation: A meltable shield of frost defends you.
                  | (SH +4) [demonic ancestry]
  3764 | D:3      | Reached XP level 5. HP: 37/38 MP: 6/9
  3966 | D:4      | Learned a level 3 spell: Ozocubu's Armour
  3984 | D:4      | Found a glowing drain.
  3995 | D:4      | Gained mutation: You are partially covered in icy blue
                  | scales. (AC +2) [demonic ancestry]
  3995 | D:4      | Reached XP level 6. HP: 43/46 MP: 5/10
  3999 | Sewer    | Entered a sewer
  4560 | Sewer    | Found a viscous altar of Jiyva.
  4917 | D:4      | Identified the +3 ring mail of the World {Int+2}
  5024 | D:4      | Noticed Grinder
  5040 | D:4      | Reached XP level 7. HP: 18/52 MP: 5/12
  5079 | D:4      | Killed Grinder
  5080 | D:4      | Reached skill level 5 in Ice Magic
  5835 | D:$      | Got out of the dungeon alive.

Illustrated notes

Levels and vault maps discovered:
D:1:      arrival_zaba_pyramid, layout_loops_ring,
          ebering_ecumenical_altar_sacrificial
D:2:      layout_basic, nicolae_figureground_pulse
D:3:      layout_loops_cross, hangedman_ru_absence, st_stairs_5,
          chequers_serial_rivers_small_3
D:4:      layout_rooms, serial_forest, infiniplex_forest_join,
          infiniplex_forest_corner_1, infiniplex_forest_lined_3,
          infiniplex_forest_straight_2, infiniplex_forest_fountain,
          infiniplex_forest_straight_2, infiniplex_forest_clump_diagonal,
          infiniplex_forest_clump_C, gup_sewer_entry_bubbles, uniq_grinder

Skill      XL: |  1  2  3  4  5  6  7 |
---------------+----------------------+-----
Stealth        | 2 3 4 |  4.3
Dodging        | 2 3 4 |  4.0
Fighting       | 1 2 3 |  3.8
Ice Magic      | 4 5 |  5.1
Spellcasting   | 3 4 |  4.0

Action                   |  1- 3 |  4- 6 |  7- 9 || total
-------------------------+-------+-------+-------++-------
Melee: Unarmed           |     4 |       |       ||     4
       Dagger            |    64 |   147 |    45 ||   256
       Punch             |     1 |       |     2 ||     3
 Cast: Freeze            |    22 |    24 |     6 ||    52
       Frozen Ramparts   |       |     5 |     2 ||     7
       Ozocubu's Armour  |       |     2 |       ||     2
  Use: Scroll            |       |     8 |       ||     8
       Potion            |       |       |     3 ||     3
 Stab: Sleeping          |     3 |     9 |       ||    12
       Paralysed         |     1 |    11 |     4 ||    16
       Distracted        |       |       |     1 ||     1
Armor: Robe              |    15 |       |       ||    15
       Leather armour    |     1 |    27 |     3 ||    31
Dodge: Dodged            |    53 |    81 |    19 ||   153
Block: Other             |       |    26 |    10 ||    36
